TOP OF THE 1ST |
Houston Hammertime batting - Pitching for Lansing Lugnuts : RHP Raúl Contreras
|
Pitching: RHP Raúl Contreras
|
|
Batting: RHB John Pick
|
0-0: Ball 1-0: Ball 2-0: Foul Ball, location: 2F 2-1: Ball 3-1: Base on Balls
|
Batting: LHB José Villegas
|
0-0: Ball John Pick steals 2nd base 1-0: Ball 2-0: Called Strike 2-1: Fly out, F4 (Popup, 4D)
|
Batting: RHB Buck Jones
|
0-0: Ball 1-0: Called Strike 1-1: Foul Ball, location: 2F 1-2: Ball 2-2: Foul Ball, location: 2F 2-2: Foul Ball, location: 2F 2-2: SINGLE (Flyball, 8LS) John Pick to third
|
Batting: SHB Cristo Ontiveros
|
0-0: Ball 1-0: Swinging Strike 1-1: Ball 2-1: Swinging Strike 2-2: DOUBLE (Groundball, 5L) John Pick scores Buck Jones to third Buck Jones scores
|
Batting: LHB Felipe Cruz
|
0-0: Ball 1-0: Ball 2-0: Called Strike 2-1: Ball 3-1: Swinging Strike 3-2: SINGLE (Flyball, 8RS) Cristo Ontiveros to third
|
Batting: RHB Santo Cruz
|
0-0: Foul Ball, location: 2F 0-1: Grounds into double play, 1-4-3 (Groundball, 13)
|
Top of the 1st over - 2 run(s), 3 hit(s), 0 error(s), 1 left on base; Houston 2 - Lansing 0 |
BOTTOM OF THE 1ST |
Lansing Lugnuts batting - Pitching for Houston Hammertime : LHP Dan Snyder
|
Pitching: LHP Dan Snyder
|
|
Batting: RHB Lu-fang Huie
|
0-0: Fly out, F8 (Flyball, 8RM)
|
Batting: RHB Júlio Caraballo
|
0-0: Foul Ball, location: 2F 0-1: Called Strike 0-2: Ball 1-2: Ground out 5-3 (Groundball, 56)
|
Batting: RHB Gilberto López
|
0-0: Called Strike 0-1: Ball 1-1: SINGLE (Groundball, 6D)
|
Batting: LHB Lewis Barr
|
0-0: Called Strike 0-1: Ball 1-1: Ground out 6-3 (Groundball, 56)
|
Bottom of the 1st over - 0 run(s), 1 hit(s), 0 error(s), 1 left on base; Houston 2 - Lansing 0 |
TOP OF THE 2ND |
Houston Hammertime batting - Pitching for Lansing Lugnuts : RHP Raúl Contreras
|
Batting: RHB Emílio Carrillo
|
0-0: Foul Ball, location: 2F 0-1: Foul Ball, location: 2F 0-2: Foul Ball, location: 2F 0-2: Strikes out swinging
|
Batting: RHB Mario Beltrán
|
0-0: Ball 1-0: Ground out 3-1 (Groundball, 34)
|
Batting: LHB Fernando Camacho
|
0-0: Called Strike 0-1: Ball 1-1: Ball 2-1: Ball 3-1: Base on Balls
|
Batting: RHB John Pick
|
0-0: Called Strike 0-1: Called Strike 0-2: Ball 1-2: Strikes out looking
|
Top of the 2nd over - 0 run(s), 0 hit(s), 0 error(s), 1 left on base; Houston 2 - Lansing 0 |
BOTTOM OF THE 2ND |
Lansing Lugnuts batting - Pitching for Houston Hammertime : LHP Dan Snyder
|
Batting: RHB Taki Chikafuji
|
0-0: Swinging Strike 0-1: Foul Ball, location: 2F 0-2: Strikes out looking
|
Batting: LHB Damon Mitchell
|
0-0: Ball 1-0: Ball 2-0: Ball 3-0: Base on Balls
|
Batting: RHB Jesús Torres
|
0-0: Called Strike 0-1: Ball 1-1: Ball 2-1: Ball 3-1: Base on Balls Damon Mitchell to second
|
Batting: LHB Pedro Padilla
|
0-0: Ball 1-0: Called Strike 1-1: Foul Ball, location: 2F 1-2: 3-RUN HOME RUN (Line Drive, 78XD), Distance : 424 ft
|
Batting: RHB Tony Reyes
|
0-0: Called Strike 0-1: Foul Ball, location: 2F 0-2: Strikes out swinging
|
Batting: RHB Lu-fang Huie
|
0-0: Ball 1-0: Ball 2-0: SOLO HOME RUN (Flyball, 78XD), Distance : 433 ft
|
Batting: RHB Júlio Caraballo
|
0-0: Ball 1-0: Called Strike 1-1: Swinging Strike 1-2: Foul Ball, location: 2F 1-2: SINGLE (Groundball, 56D)
|
Batting: RHB Gilberto López
|
0-0: Foul Ball, location: 2F 0-1: Foul Ball, location: 2F 0-2: Foul Ball, location: 2F 0-2: Foul Ball, location: 2F 0-2: DOUBLE (Flyball, 89XD) Júlio Caraballo to third
|
Batting: LHB Lewis Barr
|
0-0: Ball 1-0: Ball 2-0: Called Strike 2-1: Called Strike 2-2: Ground out 4-3 (Groundball, 4)
|
Bottom of the 2nd over - 4 run(s), 4 hit(s), 0 error(s), 2 left on base; Houston 2 - Lansing 4 |
TOP OF THE 3RD |
Houston Hammertime batting - Pitching for Lansing Lugnuts : RHP Raúl Contreras
|
Batting: LHB José Villegas
|
0-0: Called Strike 0-1: Ball 1-1: Bunt for hit - play at first, batter OUT! 1-3
|
Batting: RHB Buck Jones
|
0-0: Ground out 6-3 (Groundball, 6)
|
Batting: SHB Cristo Ontiveros
|
0-0: Ball 1-0: Ball 2-0: Foul Ball, location: 2F 2-1: Foul Ball, location: 2F 2-2: Foul Ball, location: 2F 2-2: Ball 3-2: Ground out 4-3 (Groundball, 4)
|
Top of the 3rd over - 0 run(s), 0 hit(s), 0 error(s), 0 left on base; Houston 2 - Lansing 4 |
BOTTOM OF THE 3RD |
Lansing Lugnuts batting - Pitching for Houston Hammertime : LHP Dan Snyder
|
Batting: RHB Taki Chikafuji
|
0-0: Ball 1-0: Swinging Strike 1-1: Ball 2-1: Swinging Strike 2-2: Strikes out swinging
|
Batting: LHB Damon Mitchell
|
0-0: Ball 1-0: Swinging Strike 1-1: Ball 2-1: Foul Ball, location: 2F 2-2: SINGLE (Groundball, 3L)
|
Batting: RHB Jesús Torres
|
0-0: Fly out, F7 (Flyball, 78S)
|
Batting: LHB Pedro Padilla
|
0-0: Swinging Strike 0-1: Foul Ball, location: 2F 0-2: Strikes out looking
|
Bottom of the 3rd over - 0 run(s), 1 hit(s), 0 error(s), 1 left on base; Houston 2 - Lansing 4 |
TOP OF THE 4TH |
Houston Hammertime batting - Pitching for Lansing Lugnuts : RHP Raúl Contreras
|
Batting: LHB Felipe Cruz
|
0-0: Ball 1-0: Foul Ball, location: 2F 1-1: Foul Ball, location: 2F 1-2: SINGLE (Groundball, 34D)
|
Batting: RHB Santo Cruz
|
0-0: Called Strike 0-1: Swinging Strike 0-2: Ball Felipe Cruz steals 2nd base 1-2: Ball 2-2: Ball 3-2: Foul Ball, location: 2F 3-2: Strikes out swinging
|
Batting: RHB Emílio Carrillo
|
0-0: Ball 1-0: Ball Felipe Cruz steals 3rd base 2-0: Foul Ball, location: 2F 2-1: Called Strike 2-2: Foul Ball, location: 2F 2-2: Ball 3-2: Strikes out swinging
|
Batting: RHB Mario Beltrán
|
0-0: Called Strike 0-1: Ball 1-1: Ball 2-1: Fly out, F9 (Flyball, 9S)
|
Top of the 4th over - 0 run(s), 1 hit(s), 0 error(s), 1 left on base; Houston 2 - Lansing 4 |
BOTTOM OF THE 4TH |
Lansing Lugnuts batting - Pitching for Houston Hammertime : LHP Dan Snyder
|
Batting: RHB Tony Reyes
|
0-0: Foul Ball, location: 2F 0-1: Ground out 5-3 (Groundball, 5)
|
Batting: RHB Lu-fang Huie
|
0-0: Ball 1-0: Called Strike 1-1: Swinging Strike 1-2: Ground out 5-3 (Groundball, 56)
|
Batting: RHB Júlio Caraballo
|
0-0: Called Strike 0-1: Foul Ball, location: 2F 0-2: Ball 1-2: Ball 2-2: Ball 3-2: Base on Balls
|
Batting: RHB Gilberto López
|
0-0: Ball 1-0: Ball 2-0: Ball 3-0: Called Strike 3-1: Foul Ball, location: 2F 3-2: Fly out, F9 (Flyball, 9D)
|
Bottom of the 4th over - 0 run(s), 0 hit(s), 0 error(s), 1 left on base; Houston 2 - Lansing 4 |
TOP OF THE 5TH |
Houston Hammertime batting - Pitching for Lansing Lugnuts : RHP Raúl Contreras
|
Batting: LHB Fernando Camacho
|
0-0: Swinging Strike 0-1: Ball 1-1: Ground out 3-1 (Groundball, 34)
|
Batting: RHB John Pick
|
0-0: Called Strike 0-1: Reached on error, E6 (Groundball, 6)
|
Pitching: RHP Bob Newton
|
|
Batting: LHB José Villegas
|
0-0: Called Strike 0-1: SINGLE (Groundball, 2R) (infield hit) John Pick to third
|
Batting: RHB Buck Jones
|
0-0: Ball 1-0: Swinging Strike 1-1: Fly out, F8 (Flyball, 78D) Runner from 3rd tags up, SCORES, no throw
|
Batting: SHB Cristo Ontiveros
|
0-0: Swinging Strike 0-1: Ball 1-1: Ball 2-1: Ball 3-1: Called Strike 3-2: Strikes out swinging
|
Top of the 5th over - 1 run(s), 1 hit(s), 1 error(s), 1 left on base; Houston 3 - Lansing 4 |
BOTTOM OF THE 5TH |
Lansing Lugnuts batting - Pitching for Houston Hammertime : LHP Dan Snyder
|
Batting: LHB Lewis Barr
|
0-0: Ball 1-0: Called Strike 1-1: Foul Ball, location: 2F 1-2: Ball 2-2: Ground out 3-1 (Groundball, 34)
|
Batting: RHB Taki Chikafuji
|
0-0: Foul Ball, location: 2F 0-1: Called Strike 0-2: Strikes out looking
|
Batting: LHB Damon Mitchell
|
0-0: Foul Ball, location: 2F 0-1: Ball 1-1: Foul Ball, location: 2F 1-2: Ball 2-2: Strikes out swinging
|
Bottom of the 5th over - 0 run(s), 0 hit(s), 0 error(s), 0 left on base; Houston 3 - Lansing 4 |
TOP OF THE 6TH |
Houston Hammertime batting - Pitching for Lansing Lugnuts : RHP Bob Newton
|
Batting: LHB Felipe Cruz
|
0-0: SINGLE (Groundball, 34D)
|
Batting: RHB Santo Cruz
|
0-0: Ball 1-0: Ball 2-0: Grounds into double play, 6-4-3 (Groundball, 6)
|
Batting: RHB Emílio Carrillo
|
0-0: Foul Ball, location: 2F 0-1: Swinging Strike 0-2: Ball 1-2: Foul Ball, location: 2F 1-2: Strikes out looking
|
Top of the 6th over - 0 run(s), 1 hit(s), 0 error(s), 0 left on base; Houston 3 - Lansing 4 |
BOTTOM OF THE 6TH |
Lansing Lugnuts batting - Pitching for Houston Hammertime : LHP Dan Snyder
|
Pitching: RHP Manny Estrada
|
|
Batting: RHB Jesús Torres
|
0-0: Ball 1-0: Called Strike 1-1: Ground out 3-1 (Groundball, 3)
|
Batting: LHB Pedro Padilla
|
0-0: Ground out 5-3 (Groundball, 56)
|
Batting: RHB Tony Reyes
|
0-0: Swinging Strike 0-1: Ball 1-1: Called Strike 1-2: DOUBLE (Flyball, 7LD)
|
Batting: RHB Lu-fang Huie
|
0-0: Ball 1-0: Ball 2-0: Ball 3-0: Swinging Strike 3-1: Base on Balls
|
Batting: RHB Júlio Caraballo
|
0-0: Fly out, F8 (Flyball, 8LXD)
|
Bottom of the 6th over - 0 run(s), 1 hit(s), 0 error(s), 2 left on base; Houston 3 - Lansing 4 |
TOP OF THE 7TH |
Houston Hammertime batting - Pitching for Lansing Lugnuts : RHP Bob Newton
|
Pitching: LHP Craig Bowling
|
|
Batting: RHB Mario Beltrán
|
0-0: Called Strike 0-1: Foul Ball, location: 2F 0-2: Strikes out swinging
|
Batting: LHB Fernando Camacho
|
0-0: Called Strike 0-1: Called Strike 0-2: Foul Ball, location: 2F 0-2: Ball 1-2: Ball 2-2: Ground out 4-3 (Groundball, 4)
|
Batting: RHB John Pick
|
0-0: Called Strike 0-1: Called Strike 0-2: Ball 1-2: Ground out 5-3 (Groundball, 56)
|
Top of the 7th over - 0 run(s), 0 hit(s), 0 error(s), 0 left on base; Houston 3 - Lansing 4 |
BOTTOM OF THE 7TH |
Lansing Lugnuts batting - Pitching for Houston Hammertime : RHP Manny Estrada
|
Batting: RHB Gilberto López
|
0-0: Swinging Strike 0-1: Ball 1-1: Swinging Strike 1-2: Ball 2-2: Foul Ball, location: 2F 2-2: Ball 3-2: Ground out 1-3 (Groundball, 13S)
|
Batting: LHB Lewis Barr
|
0-0: Called Strike 0-1: Foul Ball, location: 2F 0-2: Ball 1-2: Ball 2-2: Ball 3-2: Strikes out looking
|
Batting: RHB Taki Chikafuji
|
0-0: Called Strike 0-1: Ball 1-1: SINGLE (Flyball, 7S)
|
Batting: LHB Damon Mitchell
|
0-0: Ball 1-0: Swinging Strike 1-1: Swinging Strike 1-2: Foul Ball, location: 2F 1-2: Ball 2-2: Ball 3-2: Ground out 4-3 (Groundball, 4M)
|
Bottom of the 7th over - 0 run(s), 1 hit(s), 0 error(s), 1 left on base; Houston 3 - Lansing 4 |
TOP OF THE 8TH |
Houston Hammertime batting - Pitching for Lansing Lugnuts : LHP Craig Bowling
|
Pitching: LHP Paul Moore
|
|
Now at SS: Rafael González
|
|
Batting: LHB José Villegas
|
0-0: Called Strike 0-1: Ball 1-1: Swinging Strike 1-2: Ground out 4-3 (Groundball, 4)
|
Pitching: RHP Paul McKee
|
|
Batting: RHB Buck Jones
|
0-0: Called Strike 0-1: Swinging Strike 0-2: Strikes out looking
|
Batting: SHB Cristo Ontiveros
|
0-0: Ball 1-0: Called Strike 1-1: Foul Ball, location: 2F 1-2: Foul Ball, location: 2F 1-2: Strikes out swinging
|
Top of the 8th over - 0 run(s), 0 hit(s), 0 error(s), 0 left on base; Houston 3 - Lansing 4 |
BOTTOM OF THE 8TH |
Lansing Lugnuts batting - Pitching for Houston Hammertime : RHP Manny Estrada
|
Pitching: RHP Júlio Martínez
|
|
Batting: RHB Jesús Torres
|
0-0: Ball 1-0: Swinging Strike 1-1: Called Strike 1-2: Foul Ball, location: 2F 1-2: SINGLE (Line Drive, 8LS)
|
Batting: LHB Pedro Padilla
|
0-0: Ball 1-0: Fly out, F7 (Flyball, 7S)
|
Batting: RHB Tony Reyes
|
0-0: Grounds into double play, 6-4-3 (Groundball, 6)
|
Bottom of the 8th over - 0 run(s), 1 hit(s), 0 error(s), 0 left on base; Houston 3 - Lansing 4 |
TOP OF THE 9TH |
Houston Hammertime batting - Pitching for Lansing Lugnuts : RHP Paul McKee
|
Pitching: RHP Dave Rhodes
|
|
Now at C: Gordon Langley
|
|
Now in CF: Wallace Franklin
|
|
Batting: LHB Felipe Cruz
|
0-0: Ball 1-0: Foul Ball, location: 2F 1-1: Ground out 4-3 (Groundball, 4)
|
Batting: RHB Santo Cruz
|
0-0: Foul Ball, location: 2F 0-1: Ball 1-1: Ball 2-1: Ball 3-1: Foul Ball, location: 2F 3-2: Base on Balls
|
Batting: RHB Emílio Carrillo
|
0-0: Fly out, F9 (Flyball, 9LM)
|
Pinch Hitting: RHB Gerald Burnett
|
0-0: Ball 1-0: Foul Ball, location: 2F 1-1: Called Strike 1-2: Foul Ball, location: 2F 1-2: Fly out, F8 (Flyball, 8LD)
|
Top of the 9th over - 0 run(s), 0 hit(s), 0 error(s), 1 left on base; Houston 3 - Lansing 4 |
|